 Dungeon Crawl Stone Soup version 0.28-a0-919-g0b5b508569 (webtiles) character file.

Game seed: 13949467338139380021

224 willcat the Magician (level 5, -9/35 HPs)
             Began as a Mummy Ice Elementalist on Nov 26, 2021.
             Mangled by a gnoll sergeant (10 damage)
             ... on level 4 of the Dungeon.
             The game lasted 00:04:08 (4373 turns).

willcat the Magician (Mummy Ice Elementalist)       Turns: 4373, Time: 00:04:09

Health: -9/35      AC:  4    Str: 11    XL:     5   Next: 67%
Magic:  12/12      EV: 11    Int: 15    God:
Gold:   152        SH:  4    Dex: 13    Spells: 5/13 levels left

rFire   x . .      SeeInvis .   c - +2 dagger (vamp)
rCold   + . .      Faith    .   i - +0 buckler
rNeg    + + +      Spirit   .   a - +0 robe
rPois   ∞          Reflect  .   (no helmet)
rElec   .          Harm     .   f - +0 cloak
rCorr   .          Rampage  .   (no gloves)
Will    .....                   l - +0 pair of boots
Stlth   ++........              d - amulet of magic regeneration
HPRegen 0.11/turn               (no ring)
MPRegen 0.53/turn               (no ring)

@: no status effects
A: cold resistance 1, negative energy resistance 3, torment resistance 2, heat
vulnerability 1, no potions
a: no special abilities


You were on level 4 of the Dungeon.
You visited 1 branch of the dungeon, and saw 4 of its levels.

You collected 152 gold pieces.

Inventory:

Hand Weapons
 c - a +2 vampiric dagger (weapon)
Armour
 a - a +0 robe (worn)
 f - a +0 cloak (worn)
 i - a +0 buckler (worn)
 l - a +0 pair of boots (worn)
Jewellery
 d - an amulet of magic regeneration (around neck)
Scrolls
 b - a scroll of magic mapping {unknown}
 e - 3 scrolls of enchant weapon {unknown}
 g - a scroll of immolation {unknown}
 h - 3 scrolls of identify {unknown}
 j - 3 scrolls of blinking {unknown}
 k - a scroll of noise {unknown}
 m - a scroll of fear {unknown}


   Skills:
 - Level 1.5 Dodging
 - Level 1.5 Stealth
 + Level 1.9 Shields
 + Level 4.7 Spellcasting
 + Level 1.1 Conjurations
 + Level 4.3 Ice Magic


You had 5 spell levels left.
You knew the following spells:

 Your Spells              Type           Power      Damage    Failure   Level
a - Freeze                Ice            64%        1d8       3%          1
b - Frozen Ramparts       Ice            32%        1d5       11%         3
c - Hailstorm             Conj/Ice       11%        3d5       56%         4

Your spell library contained the following spells:

 Spells                   Type           Power      Damage    Failure   Level
 Ozocubu's Armour         Ice            16%        N/A       11%         3
 Petrify                  Tmut/Erth      3%         N/A       91%         4
 Metabolic Englaciation   Hex/Ice        5%         N/A       94%         5
 Statue Form              Tmut/Erth      Unusable   N/A       N/A         6

Dungeon Overview and Level Annotations

Branches:
Dungeon (4/15)
 Temple: D:4-7

Altars:

Shops:
D:1 ?


Innate Abilities, Weirdness & Mutations

You are immune to poison.
Your flesh is cold resistant. (rC+)
You are immune to negative energy. (rN+++)
You are immune to unholy pain and torment.
You are vulnerable to heat. (rF-)
You do not drink.


Message History

You see here a viscous emerald potion.
Found a tower shield.
A gnoll comes into view. It is wielding a +0 whip.
A gnoll is nearby!
A gnoll is nearby!
The gnoll shouts!
You hear a shout!
A gnoll and a gnoll sergeant come into view.
The gnoll sergeant is wielding a +2 spear of flaming.
The gnoll sergeant shouts!
A gnoll comes into view. It is wielding a +0 flail.
A gnoll comes into view. It is wielding a +4 spear.
The gnoll shouts! x2
You hit the gnoll.
The gnoll is lightly wounded.
The gnoll hits you with a +0 whip. The gnoll hits you with a +0 whip.
Casting: Freeze (safe; 3% risk of failure)
Confirm with . or Enter, or press ? or * to list all spells.
The spell is quite dangerous to cast (11% risk of failure)!
Continue anyway?
Casting: Frozen Ramparts (quite dangerous; 11% risk of failure)
Press: ? - help, Dir - look around, f - activate The walls around you are covered in ice.
The wall freezes the gnoll sergeant.
Unknown command.
The wall freezes the gnoll sergeant.
You block the gnoll sergeant's attack.
The wall freezes the gnoll.
The wall freezes the gnoll sergeant.
The gnoll sergeant hits you from afar with a +2 spear of flaming.
The gnoll sergeant burns you.
The wall freezes the gnoll.
The wall freezes the gnoll sergeant.
The gnoll sergeant hits you from afar with a +2 spear of flaming!
The gnoll sergeant burns you.
The wall freezes the gnoll.
You kill the gnoll!
Your frozen ramparts will break if you move.
Continue?
The frozen ramparts melt away as you move.
You see here a viscous emerald potion.
The gnoll sergeant hits you from afar with a +2 spear of flaming!
* * * LOW HITPOINT WARNING * * *
The gnoll sergeant burns you!
You die...

..........##.........#
....######...........##
....# #####..###.##
....# ......#.# #.#
#####.#.# #.# # . #.#
#.# ###.###.###.#
#.......#.#.#
.............@.#.#
........######.#..
........# #g# #.......#
#g# #.......# #!#
#.....g.# #g#
#.....g.######g#
#......g#g)g...#
#.......#.######


You could see a gnoll sergeant and 3 gnolls.

Vanquished Creatures
  A bullfrog (D:4)
  8 adders
  2 gnolls (D:4)
  An adder skeleton (D:4)
  A worm (D:3)
  3 dart slugs
  An orc (D:3)
  7 endoplasms
  2 giant cockroaches (D:2)
  6 hobgoblins
  3 jackals (D:1)
  3 quokkas
  4 ball pythons
  3 bats (D:2)
  10 goblins
  6 kobolds
  2 rats (D:1)
63 creatures vanquished.

Vanquished Creatures (others)
  A fungus (D:1)
  11 plants (D:4)
12 creatures vanquished.

Grand Total: 75 creatures vanquished

Notes
Turn   | Place    | Note
-------+----------+-------------------------------------------
     0 | D:1      | willcat the Mummy Ice Elementalist began the quest for the
                  | Orb.
     0 | D:1      | Reached XP level 1. HP: 13/13 MP: 4/4
   433 | D:1      | Reached XP level 2. HP: 16/19 MP: 3/6
   513 | D:1      | Found a faded altar of an unknown god.
   764 | D:1      | Found Kauxt's Magic Scroll Shoppe.
  1194 | D:2      | Reached XP level 3. HP: 14/24 MP: 6/8
  1439 | D:2      | Learned a level 3 spell: Frozen Ramparts
  1950 | D:2      | Reached skill level 1 in Shields
  1950 | D:2      | Reached XP level 4. HP: 30/30 MP: 8/10
  2530 | D:2      | Learned a level 4 spell: Hailstorm
  3720 | D:4      | Reached XP level 5. HP: 28/35 MP: 9/11
  3825 | D:4      | Reached skill level 1 in Conjurations
  4373 | D:4      | HP: 1/35 [gnoll sergeant (14)]
  4373 | D:4      | Mangled by a gnoll sergeant

Illustrated notes

Levels and vault maps discovered:
D:1:      sevenhm_arrival_forest_fort_small_3, layout_basic, serial_shops, shop,
          shapermc_ecumenical_altar_mp_ritualfount
D:2:      minmay_recursive_quarters, layout_basic
D:3:      layout_loops_ring
D:4:      layout_basic, nicolae_grassy_gnolls

Skill      XL: |  1  2  3  4  5 |
---------------+----------------+-----
Spellcasting   | 3 4 |  4.7
Shields        | 1 |  1.9
Ice Magic      | 4 |  4.3
Conjurations   | 1 |  1.1
Dodging        | |  1.5
Stealth        | |  1.5

Action                   |  1- 3 |  4- 6 || total
-------------------------+-------+-------++-------
Melee: Dagger            |    75 |   119 ||   194
 Cast: Freeze            |    22 |    10 ||    32
       Frozen Ramparts   |     1 |     4 ||     5
 Stab: Sleeping          |     5 |       ||     5
Armor: Robe              |    11 |    25 ||    36
Dodge: Dodged            |    56 |    73 ||   129
Block: Buckler           |     4 |    24 ||    28

Table legend: (Time is in decaauts)
 A = Elapsed time spent in this place.
 B = Non-inter-level travel time spent in this place.
 C = Inter-level travel time spent in this place.
 D = Time resting spent in this place.
 E = Time spent auto-exploring this place.
 F = Levels seen in this place.
 G = Mean time per level.
                   A        B        C        D        E       F      G
               +--------+--------+--------+--------+--------+-----+--------+
         Total |   4380 |   4229 |    151 |    512 |   3046 |   4 | 1095.0 |
       Dungeon |   4380 |   4229 |    151 |    512 |   3046 |   4 | 1095.0 |
               +--------+--------+--------+--------+--------+-----+--------+

Top non-repeatable levels by time:
     D:2: 1711 daAuts
     D:1: 1065 daAuts
     D:4: 879 daAuts
     D:3: 725 daAuts
